 Dungeon Crawl Stone Soup version 0.14-a0-2019-gd9bc7f0 (webtiles) character file.

463135 RedPan the Gargoyle Blade (level 24, -8/162 HPs)
             Began as a Gargoyle Fighter on Jan 19, 2014.
             Was the Champion of Okawaru.
             Shot with a silver bolt by a yaktaur (12 damage)
             ... on Level 5 of the Depths on Jan 20, 2014.
             The game lasted 08:48:00 (83069 turns).

RedPan the Gargoyle Blade (Gargoyle Fighter)       Turns: 83069, Time: 08:48:01

HP  -8/162       AC 53     Str 27      XL: 24   Next: 45%
MP  36/36        EV  6     Int 13      God: Okawaru [******]
Gold 3630        SH  0     Dex 10      Spells:  0 memorised, 23 levels left

rFire  + + .     SeeInvis +     f - +5,+4 claymore (flame)
rCold  + + .     Clarity  +     R - +2 gold dragon armour
rNeg   + + .     Conserve .     (no shield)
rPois  +         rCorr    .     U - +1 hat {rC+}
rElec  +         rRot     +     m - +0 cloak
SustAb . .       Spirit   .     Y - +0 pair of gloves {rF+}
rMut   .         Warding  .     O - +2 pair of dwarf boots {Fly}
Saprov . . .     Stasis   .     y - amulet of the Four Winds {Clar rN+ MR++}
MR     +++++                    i - ring of see invisible
                                k - ring of protection from magic

@: flying, studying Unarmed Combat, almost entirely resistant to hostile
enchantments, extremely unstealthy
A: large and strong wings, life protection 1, electricity resistance, spit
poison 2, unbreathing, petrification resistance, AC +17
a: Spit Poison, Stop Flying, Heroism, Finesse, Renounce Religion
}: 2/15 runes: barnacled, gossamer


You were on level 5 of the Depths.
You worshipped Okawaru.
Okawaru was exalted by your worship.
You were hungry.

You visited 9 branches of the dungeon, and saw 49 of its levels.
You visited 1 bazaar.
You also visited: Sewer, Ice Cave and Volcano.

You collected 4956 gold pieces.
You spent 1326 gold pieces at shops.

Inventory:

Hand weapons
 f - a +5,+4 claymore of flaming (weapon)
 I - a +5,+0 great sword of holy wrath
Armour
 c - a +0 hat of see invisible
 m - a +0 cloak (worn)
 p - the +5 chain mail of Qodeympude {+Rage +Inv +Fly rElec rN+, unknown}
   (Okawaru gifted it to you on level 3 of the Depths)

   It insulates you from electricity.
   It protects you from negative energy.
   It lets you turn invisible.
   It lets you fly.
   It lets you go berserk.
 O - a +2 pair of dwarven boots of flying (worn)
 R - a +2 gold dragon armour (worn)
 U - a +1 hat of cold resistance (worn)
 Y - a +0 pair of gloves of fire resistance (worn)
Magical devices
 b - a wand of teleportation (2)
 w - a wand of disintegration (12)
 x - a wand of invisibility (4)
 z - a wand of invisibility (4)
 B - a wand of digging (8) {unknown}
 F - a wand of heal wounds (0)
 N - a wand of disintegration (15)
Comestibles
 a - 6 meat rations
 g - 2 bread rations
 T - 3 chunks of hog flesh
Scrolls
 G - a scroll of amnesia
 J - a scroll of magic mapping
 Q - a scroll of remove curse
 S - a scroll of blinking
Jewellery
 e - the ring "Nynuykk" {EV+3 Str+3}
   (You found it on level 9 of the Dungeon)

   [ring of evasion]

   It affects your evasion (+3).
   It affects your strength (+3).
 i - a ring of see invisible (right hand)
 k - a ring of protection from magic (left hand)
 l - a +1 ring of strength
 n - an uncursed ring of ice
 o - an uncursed ring of sustain abilities
 s - an uncursed ring of regeneration
 u - an uncursed amulet of resist mutation
 v - an uncursed ring of positive energy
 y - the amulet of the Four Winds (around neck) {Clar rN+ MR++}
   (You took it off a merfolk on level 5 of the Shoals)

   [amulet of clarity]

   It protects you from negative energy.
   It affects your resistance to hostile enchantments.
 C - an uncursed ring of fire
 E - an uncursed amulet of resist corrosion
 K - an uncursed ring of positive energy
Potions
 d - 2 potions of might
 h - 2 potions of brilliance
 j - a potion of curing
 q - a potion of speed
 r - a potion of magic {unknown}
 t - 2 potions of restore abilities
 A - a potion of berserk rage
Books
 D - a manual of Unarmed Combat
 L - Roxanne's Guide on Ashen Shape Shifting
   (You found it on level 5 of the Depths)

   Spells                             Type                      Level
   Stoneskin                          Transmutation/Earth          2
   Passwall                           Transmutation/Earth          3
   Petrify                            Transmutation/Earth          4
   Ignite Poison                      Fire/Transmutation           5
   Statue Form                        Transmutation/Earth          6
 P - Sif Muna's Reference Book on Beguiling
   (You found it on level 5 of the Depths)

   Spells                             Type                      Level
   Corona                             Hexes                        1
   Sure Blade                         Hexes/Charms                 2
   Confuse                            Hexes                        3
   Leda's Liquefaction                Hexes/Earth                  4
   Mass Confusion                     Hexes                        6
 W - a book of Wizardry

   Spells                             Type                      Level
   Summon Elemental                   Summoning                    4
   Agony                              Necromancy                   5
   Force Lance                        Conjuration                  5
   Fireball                           Conjuration/Fire             5
   Haste                              Charms                       6
   Invisibility                       Hexes                        6
Miscellaneous
 H - a stone of tremors


   Skills:
 + Level 19.8 Fighting
 - Level 24.5 Long Blades
 + Level 22.8 Armour
   Level 3.2 Shields
 - Level 13.0 Invocations


You had 23 spell levels left.
You didn't know any spells.

Dungeon Overview and Level Annotations

Branches:
Dungeon (16/16)            Temple (1/1) D:7             Orc (4/4) D:11
    Elf (1/3) Orc:3          Lair (8/8) D:9          Shoals (5/5) Lair:3
 Spider (5/5) Lair:6        Slime (0/6) Lair:6       Vaults (4/5) D:15
  Blade (0/1) Vaults:3     Forest (0/5) Vaults:2     Depths (5/6) D:16

Altars:
Ashenzari
Cheibriados
Dithmengos
Elyvilon
Fedhas
Kikubaaqudgha
Makhleb
Nemelex Xobeh
Okawaru
Sif Muna
Trog
Vehumet
Xom
Yredelemnul
Zin
the Shining One

Shops:
D:6 }   D:7 *   D:8 }   D:11 }   Orc:2 [   Orc:3 ?   Orc:4 ==%![   Shoals:2 /%(
Shoals:3 :}*[   Shoals:4 (   Vaults:3 :   Vaults:4 (

Portals:
Hell: Depths:1 Depths:2 Depths:3 Depths:4 Depths:5
Abyss: Depths:4 Depths:5
Pandemonium: Depths:3 Depths:4
Ziggurat: Depths:2

Annotations:
D:16 exclusion: Roxanne, Roxanne
Shoals:5 Polyphemus
Depths:5 exclusions: lightning spire and silver statue


Innate Abilities, Weirdness & Mutations

You are resistant to torment.
You are immune to poison.
You can fly continuously.
Your stone body is very resilient (AC +17).
Your wings are large and strong.
You resist negative energy.
You are resistant to electric shocks.
You can survive without breathing.
You are immune to petrification.
You can spit moderately strong poison.


Message History

* * * LOW HITPOINT WARNING * * *
The deep troll barely misses you.
The deep troll claws you but does no damage.
Your surroundings suddenly seem different.
A tengu comes into view. It is wielding a glowing trident.
The tengu shouts!
A tengu comes into view. It is wielding a long sword.
The tengu shouts!
The yaktaur wields a runed crossbow.
It bursts into flame!
The yaktaur shoots a silver bolt.
The silver bolt hits you! The tengu hits you with a long sword.
* * * LOW HITPOINT WARNING * * *
The tengu pecks you but does no damage. The tengu claws you but does no damage.
A yaktaur and a tengu warrior come into view.
You see here a silver bolt.
The tengu hits you but does no damage. The tengu pecks you but does no damage.
The tengu claws you but does no damage.
The yaktaur shoots a silver bolt.
The silver bolt hits you! The silver sears you!
You die...

#.........##.........##.).......#
#...#...#..###........#..........
........#.##.# .......#..........
.............. ............∩..
≈≈≈........... #.#............
≈≈............ ##.#............
..#.H..... ##......##......<
.......###................
........H.@................
........H............##....
..................(........
...................≈.###..
......c.......[....≈.# ##.
≈............(.(....≈.# #.
..##..)..((########## ## ..
.##.......# V. ...........#


You could see a yaktaur and 2 tengu.

Vanquished Creatures
  Saint Roka (Depths:4)
  Boris (Depths:4)
  Sojobo (Depths:1)
  Mara (Spider:5)
  6 golden dragons
  Xtahua (Depths:4)
  Frederick (Depths:4)
  Nikola (Spider:1)
  Arachne (Spider:2)
  5 tentacled monstrosities
  2 titans
  An acid blob (Lair:6)
  A quicksilver dragon (Depths:2)
  A lich (Depths:3)
  A storm dragon (Depths:2)
  Rupert (Spider:4)
  Agnes (Spider:4)
  2 Executioners (Depths:4)
  Frances (Vaults:4)
  4 tengu reavers
  A sphinx (Depths:5)
  2 shadow dragons
  Ilsuiw (Shoals:4)
  4 ghost moths (Spider:5)
  5 fire giants
  4 vault wardens
  Donald (D:15)
  Wiglaf (Vaults:1)
  An iron dragon (Depths:3)
  Aizul (Spider:5)
  Gastronok (Orc:4)
  4 frost giants
  Jorgrun (Spider:5)
  3 emperor scorpions (Spider:5)
  A reaper (Depths:3)
  34 stone giants
  3 deep elf demonologists
  2 elemental wellsprings (Depths:4)
  A deep elf annihilator (Depths:3)
  2 eidola (Depths:5)
  Azrael (Spider:3)
  A green death (Depths:4)
  8 merfolk javelineers
  Snorg (Lair:4)
  6 fire dragons
  8 merfolk impalers
  22 ettins
  A quicksilver dragon zombie (Depths:4)
  4 vault guards (Vaults:1)
  4 sirens
  15 yaktaur captains
  A merfolk aquamancer (Shoals:5)
  4 great orbs of eyes
  2 ironheart preservers
  Harold (Lair:4)
  A deep elf high priest (Depths:2)
  9 ice dragons
  25 ogre magi
  Nessos (Orc:4)
  Erica (Elf:1)
  An alligator snapping turtle (Shoals:2)
  6 deep troll earth magi
  28 hydras
  2 dancing weapons (Vaults:3)
  A human zombie (Depths:4)
  The ghost of miro the Thaumaturge, a powerful DEWz of Vehumet (Lair:3)
  3 tengu warriors
  7 deep troll shamans
  27 death yaks
  5 rakshasas
  3 naga warriors
  A titan zombie (Depths:4)
  Urug (Shoals:1)
  39 centaur warriors
  2 catoblepae
  10 very ugly things
  Nergalle (D:11)
  6 deep elf knights
  A vampire mage (Depths:4)
  2 fire crabs
  A titan skeleton (Depths:4)
  A death drake (Depths:5)
  4 unseen horrors
  4 iron trolls
  27 hell knights
  A skeletal warrior (D:15)
  6 sea snakes
  24 hill giants
  4 giant orange brains
  13 deep trolls
  8 ironbrand convokers
  3 lindwurms
  3 flayed ghosts
  2 ice statues
  6 orc knights
  19 harpies
  4 giant amoebae
  Pikel (D:6)
  An oklob plant (Lair:8)
  11 necromancers
  Joseph (D:10)
  A flaming corpse (Volcano)
  5 wizards
  15 red wasps
  5 deep elf conjurers
  7 griffons
  25 wolf spiders
  A cyclops (shapeshifter) (Depths:3)
  A moth of wrath (Spider:5)
  6 spiny worms
  35 slime creatures
  10 black mambas
  A hell beast (Depths:4)
  2 stone golems
  12 elephants
  12 cyclopes
  3 octopodes
  A stone giant skeleton (Vaults:1)
  A smoke demon (Depths:4)
  3 vault sentinels
  5 orange demons (Depths:4)
  8 spiny frogs
  5 deep elf summoners (Elf:1)
  2 black mambas (shapeshifter)
  A feature mimic (Lair:4)
  An efreet (D:13)
  2 spiny frogs (shapeshifter)
  51 yaktaurs
  16 orb spiders
  3 yaktaur zombies
  2 small abominations (Elf:1)
  4 fire drakes
  11 mermaids
  A wandering mushroom (D:16)
  A centaur zombie (D:16)
  A mermaid (shapeshifter) (Depths:1)
  6 naga magi
  A tengu conjurer (Depths:3)
  A hellwing (Depths:4)
  A fire drake (shapeshifter) (Depths:1)
  A red devil (Depths:4)
  12 demonic crawlers
  An iron devil (Depths:4)
  2 queen bees (Depths:5)
  A queen bee (shapeshifter) (Depths:2)
  4 giant fireflies
  4 spriggans (Vaults:2)
  22 blink frogs
  A blue devil (Depths:4)
  14 polar bears (IceCv)
  14 trolls
  A giant leech (Lair:8)
  7 deep elf priests (Elf:1)
  25 jumping spiders
  12 komodo dragons
  39 two-headed ogres
  A fire dragon zombie (D:11)
  A wind drake (shapeshifter) (Depths:3)
  12 snapping turtles
  A blink frog (shapeshifter) (Vaults:1)
  2 jumping spiders (shapeshifter)
  8 boulder beetles
  A baby alligator (shapeshifter) (Depths:2)
  An ettin zombie (Depths:4)
  The ghost of Piginabag the Poker, an average FoWn (Sewer)
  A slime creature (shapeshifter) (Depths:3)
  5 formicids
  2 grizzly bears
  2 wyverns
  5 basilisks
  19 trapdoor spiders
  A ynoxinul (Depths:4)
  A griffon skeleton (D:15)
  55 redbacks
  2 air elementals
  14 deep elf magi
  A formicid (shapeshifter) (Depths:4)
  3 brown oozes (Lair:6)
  3 elephant slugs (Lair:8)
  A wraith (D:13)
  A hog (Depths:5)
  93 ugly things
  A hippogriff (shapeshifter) (Vaults:2)
  29 tarantellas
  8 fire elementals
  A human (shapeshifter) (Depths:1)
  21 humans
  12 water elementals
  15 hippogriffs
  2 hungry ghosts
  3 vampires
  82 yaks
  2 clay golems (Volcano)
  2 steam dragons
  38 merfolk
  2 golden eyes (shapeshifter)
  41 wolves
  A hill giant zombie (D:14)
  12 sharks
  A hog (shapeshifter) (Depths:2)
  21 deep elf fighters
  3 golden eyes (Depths:5)
  13 vampire mosquitoes
  Edmund (D:6)
  Menkaure (D:4)
  A necrophage (D:15)
  3 swamp drakes (Lair:6)
  An iron troll simulacrum (Vaults:1)
  11 manticores
  9 ice beasts
  A mottled dragon (D:9)
  3 kobold demonologists (Depths:4)
  6 porcupines
  2 hell hounds (Spider:3)
  22 orc warriors
  A phantom (D:8)
  9 yellow wasps
  8 sky beasts
  5 freezing wraiths
  2 ettin simulacra
  4 nagas (Depths:1)
  3 black bears
  A tengu (shapeshifter) (Vaults:2)
  7 tengu
  90 ogres
  3 lava worms (Lair:6)
  8 giant goldfish
  2 vampire mosquito zombies (Vaults:1)
  A spiny worm simulacrum (Vaults:2)
  49 centaurs
  4 wargs
  16 crocodiles
  4 boring beetles
  18 giant frogs
  20 giant slugs
  An octopode zombie (Depths:4)
  2 big kobolds (D:15)
  5 brain worms
  2 cyclops zombies
  Blork the orc (D:6)
  10 agate snails
  A glowing shapeshifter simulacrum (Vaults:2)
  2 insubstantial wisps (Depths:5)
  12 water moccasins
  An eye of draining (shapeshifter) (Depths:2)
  A cyclops skeleton (D:15)
  8 jellyfish
  7 wights
  An eye of draining (D:10)
  A vampire bat (Depths:5)
  7 lava fish (Volcano)
  A hippogriff skeleton (D:9)
  7 electric eels
  A yak skeleton (D:11)
  8 crimson imps
  4 killer bees (D:11)
  8 goliath beetles
  10 hounds
  2 giant frog zombies
  A quasit (D:8)
  25 spiders
  21 orc priests
  11 iguanas
  10 jellies
  4 giant frog skeletons
  5 lava snakes (Volcano)
  7 big fish
  25 orc wizards
  8 scorpions
  An orange rat (Elf:1)
  16 worker ants
  21 sheep
  A sky beast zombie (D:11)
  An ogre skeleton (D:4)
  2 mottled dragon skeletons
  5 boggarts (Vaults:1)
  A hound zombie (D:11)
  A hound skeleton (D:6)
  A mummy (D:9)
  11 gnolls
  22 adders
  2 giant centipedes
  58 green rats
  12 white imps (D:13)
  3 giant mites
  A worm (shapeshifter) (D:16)
  28 worms
  3 ufetubi (Depths:4)
  An adder zombie (D:5)
  4 giant eyeballs
  11 giant geckos
  2 oozes
  163 orcs
  7 ball pythons
  9 giant cockroaches
  24 goblins
  3 grey rats
  A hobgoblin (shapeshifter) (Depths:2)
  14 hobgoblins
  15 quokkas
  23 bats
  A giant gecko skeleton (D:8)
  6 giant newts
  2 giant spores
  10 illusory rakshasas
  35 jackals
  37 kobolds
  2 kobold skeletons
  19 rats
  A rat zombie (D:5)
  A spectral orc (D:11)
  4 ballistomycetes
  4 butterflies (Depths:2)
  A fungus (Lair:7)
  5 plants
2621 creatures vanquished.

Vanquished Creatures (others)
  A fire giant (Depths:2)
  A stone giant (Depths:3)
  A deep elf knight (Elf:1)
  A ball lightning (Depths:5)
  A deep troll (Depths:4)
  2 sixfirhies (Depths:5)
  Psyche (D:9)
  A tengu conjurer (Depths:3)
  An orb spider (Spider:5)
  A jumping spider (Spider:2)
  An ugly thing (Depths:1)
  A deep elf mage (Vaults:2)
  A trapdoor spider (Spider:1)
  2 deep elf fighters
  A naga (Depths:1)
  2 slaves (D:6)
  A tengu (Depths:3)
  A centaur (D:6)
  A hound (D:6)
  3 spiders
  An orc wizard (D:6)
  2 worker ants (D:6)
  An adder (D:6)
  A giant mite (Spider:1)
  An orc (D:6)
  A ball python (D:6)
  2 giant spores
  A goblin (D:3)
  A rat (Lair:2)
  3 fungi (Lair:8)
  13 plants
52 creatures vanquished.

Grand Total: 2673 creatures vanquished

Notes
Turn   | Place    | Note
--------------------------------------------------------------
     0 | D:1      | RedPan, the Gargoyle Fighter, began the quest for the Orb.
     0 | D:1      | Reached XP level 1. HP: 14/14 MP: 1/1
   152 | D:1      | Reached XP level 2. HP: 19/19 MP: 2/2
   248 | D:1      | Reached XP level 3. HP: 18/23 MP: 3/3
   754 | D:2      | Reached XP level 4. HP: 28/28 MP: 4/4
   949 | D:2      | Reached skill level 4 in Long Blades
  1962 | D:2      | Reached XP level 5. HP: 26/32 MP: 5/5
  2304 | D:3      | Reached skill level 5 in Long Blades
  2553 | D:3      | Found a glowing drain.
  2557 | Sewer    | Entered a sewer
  2557 | Sewer    | Noticed Piginabag's ghost (average FoWn)
  2573 | Sewer    | Killed Piginabag's ghost
  2573 | Sewer    | Reached skill level 6 in Long Blades
  2573 | Sewer    | Reached XP level 6. HP: 27/37 MP: 6/6
  3044 | Sewer    | Reached XP level 7. HP: 36/41 MP: 7/7
  3528 | D:4      | Noticed Menkaure
  3956 | D:4      | Reached skill level 7 in Long Blades
  5252 | D:4      | Killed Menkaure
  5252 | D:4      | Reached skill level 8 in Long Blades
  5344 | D:5      | Entered Level 5 of the Dungeon
  5356 | D:5      | Reached XP level 8. HP: 39/46 MP: 8/8
  6186 | D:5      | Reached skill level 9 in Long Blades
  6739 | D:6      | Noticed Edmund
  6982 | D:6      | Found a shimmering altar of Xom.
  7082 | D:6      | Reached skill level 10 in Long Blades
  7092 | D:6      | Found a glowing silver altar of Zin.
  7092 | D:6      | Found a bloodstained altar of Trog.
  7155 | D:6      | Reached XP level 9. HP: 49/51 MP: 9/9
  7236 | D:6      | Killed Edmund
  7280 | D:6      | Noticed Pikel
  7297 | D:6      | Killed Pikel
  7297 | D:6      | Reached skill level 11 in Long Blades
  7430 | D:6      | Found a snail-covered altar of Cheibriados.
  7809 | D:6      | Found Xurowoq's Gadget Shoppe.
  7926 | D:6      | Noticed Blork the orc
  7934 | D:6      | Killed Blork the orc
  8379 | D:7      | Found a staircase to the Ecumenical Temple.
  8391 | Temple   | Entered the Ecumenical Temple
  8455 | Temple   | Became a worshipper of Warmaster Okawaru
  8546 | D:7      | Found Plunin's Assorted Antiques.
  8560 | D:7      | Reached skill level 12 in Long Blades
  9268 | D:7      | Bought a scroll labeled PUC ATYT CHUNU for 24 gold pieces
  9268 | D:7      | Bought a glowing cloak for 24 gold pieces
  9515 | D:8      | Reached XP level 10. HP: 54/56 MP: 10/10
 10001 | D:8      | Found Bagrear's Gadget Emporium.
 10465 | D:9      | Killed Psyche
 10709 | D:8      | Acquired Okawaru's first power
 10852 | D:8      | Reached skill level 5 in Armour
 10940 | D:9      | Found a sparkling altar of Nemelex Xobeh.
 11359 | D:9      | Reached skill level 5 in Fighting
 11554 | D:9      | Found a staircase to the Lair.
 11850 | Lair:1   | Entered Level 1 of the Lair of Beasts
 12247 | Lair:1   | Reached XP level 11. HP: 54/64 MP: 11/11
 12849 | Lair:2   | Paralysed by a potion of paralysis for 3 turns
 14711 | Lair:3   | Found a staircase to the Shoals.
 14759 | Lair:3   | Noticed miro's ghost (powerful DEWz)
 14822 | Lair:2   | Reached skill level 13 in Long Blades
 16038 | Lair:3   | Killed miro's ghost
 16272 | Lair:3   | Noticed an eight-headed hydra
 16383 | Lair:2   | Reached skill level 14 in Long Blades
 16763 | D:9      | HP: 3/67 [troll (10)]
 16764 | D:9      | Reached XP level 12. HP: 3/72 MP: 12/12
 17097 | D:9      | Got a wavering turquoise ring
 17177 | D:9      | Identified the ring "Nynuykk" {EV+3 Str+3} (You found it on level 9 of the Dungeon)
 17246 | D:10     | Entered Level 10 of the Dungeon
 17396 | D:10     | Noticed Joseph
 17410 | D:10     | Killed Joseph
 17676 | D:10     | Acquired Okawaru's second power
 18101 | D:11     | Found a staircase to the Orcish Mines.
 18239 | D:11     | Found Xanoa's Gadget Shoppe.
 18239 | D:11     | Noticed Nergalle
 18267 | D:11     | Killed Nergalle
 18291 | D:11     | Reached skill level 10 in Armour
 18760 | D:11     | Received a gift from Okawaru
 18761 | D:11     | Got a crude buckler {god gift}
 18972 | D:12     | Reached skill level 15 in Long Blades
 19666 | D:13     | Found a frozen archway.
 19702 | IceCv    | Entered an ice cave
 19999 | IceCv    | Reached XP level 13. HP: 78/78 MP: 13/13
 20029 | IceCv    | Reached skill level 16 in Long Blades
 20120 | IceCv    | Noticed a frost giant
 20160 | IceCv    | Killed a frost giant
 20313 | IceCv    | Received a gift from Okawaru
 21209 | D:13     | Noticed a rakshasa
 21460 | D:13     | Killed a rakshasa
 21460 | D:13     | Reached skill level 17 in Long Blades
 22186 | D:13     | Received a gift from Okawaru
 22761 | D:13     | Noticed a six-headed hydra
 22773 | D:13     | Killed a 13-headed hydra
 23149 | D:13     | Paralysed by a great orb of eyes for 7 turns
 23163 | D:13     | Reached skill level 18 in Long Blades
 23217 | D:13     | Gained mutation: Your wings are large and strong. [gargoyle growth]
 23217 | D:13     | Reached XP level 14. HP: 76/84 MP: 14/14
 24573 | D:15     | Entered Level 15 of the Dungeon
 24974 | D:15     | Received a gift from Okawaru
 25576 | D:15     | Noticed Donald
 25621 | D:15     | Reached skill level 10 in Fighting
 25719 | D:15     | Killed Donald
 25868 | D:15     | Found a gate to the Vaults.
 26604 | D:15     | Reached XP level 15. HP: 93/93 MP: 15/15
 26672 | D:15     | Received a gift from Okawaru
 26702 | D:15     | Got a bloodstained ring mail {god gift}
 26703 | D:15     | Identified the +0 ring mail of Insatiable Hunger {rC+} (Okawaru gifted it to you on level 15 of the Dungeon)
 26776 | D:16     | Entered Level 16 of the Dungeon
 27406 | D:16     | Noticed Roxanne
 28068 | D:16     | Reached skill level 15 in Armour
 28763 | D:16     | Found a staircase to the Depths.
 29244 | Lair:2   | Gained mutation: You are weak. (Str -2) [potion of mutation]
 29244 | Lair:2   | Gained mutation: You are very weak. (Str -4) [potion of mutation]
 29244 | Lair:2   | Gained mutation: You are clumsy. (Dex -2) [potion of mutation]
 29246 | Lair:2   | Lost mutation: You are very weak. (Str -4) [potion of cure mutation]
 29246 | Lair:2   | Lost mutation: You are weak. (Str -2) [potion of cure mutation]
 29246 | Lair:2   | Lost mutation: You are clumsy. (Dex -2) [potion of cure mutation]
 29271 | Lair:2   | Gained mutation: You can spit poison. [potion of beneficial mutation]
 29272 | Lair:2   | Gained mutation: You can spit moderately strong poison. [potion of beneficial mutation]
 29342 | Lair:3   | Killed a 19-headed hydra
 29690 | Lair:4   | Noticed Harold
 29714 | Lair:4   | Killed Harold
 30445 | Lair:4   | Noticed Snorg
 30461 | Lair:4   | Killed Snorg
 31314 | Lair:5   | Received a gift from Okawaru
 31581 | Lair:6   | Found a staircase to the Slime Pits.
 31825 | Lair:6   | Reached XP level 16. HP: 83/103 MP: 16/16
 31939 | Lair:6   | Found a hole to the Spider Nest.
 32563 | Lair:6   | Found a dark tunnel.
 32572 | Volcano  | Entered a volcano
 32718 | Volcano  | Found a radiant altar of Vehumet.
 32969 | Lair:6   | Noticed an acid blob
 32983 | Lair:6   | Killed an acid blob
 34411 | Lair:7   | Received a gift from Okawaru
 34499 | Lair:8   | Entered Level 8 of the Lair of Beasts
 35110 | Lair:8   | Got a fine ring mail
 36631 | Lair:8   | Received a gift from Okawaru
 36697 | Lair:8   | Reached XP level 17. HP: 90/111 MP: 17/17
 37847 | Orc:1    | Entered Level 1 of the Orcish Mines
 38358 | Orc:2    | Found Mahatt's Armour Shop.
 39069 | Orc:3    | Found Opaoph's Magic Scroll Shop.
 39083 | Orc:3    | Bought a scroll of identify for 22 gold pieces
 39083 | Orc:3    | Bought a scroll of blinking for 60 gold pieces
 39083 | Orc:3    | Bought a scroll of blinking for 60 gold pieces
 39083 | Orc:3    | Bought a scroll of blinking for 60 gold pieces
 39083 | Orc:3    | Bought 3 scrolls of identify for 66 gold pieces
 39083 | Orc:3    | Bought a scroll of identify for 22 gold pieces
 39140 | Orc:3    | Found a staircase to the Elven Halls.
 39401 | Orc:4    | Entered Level 4 of the Orcish Mines
 39416 | Orc:4    | Found Zaral's Jewellery Emporium.
 39672 | Orc:4    | Noticed Nessos
 39692 | Orc:4    | Killed Nessos
 39745 | Orc:4    | Noticed Gastronok
 39778 | Orc:4    | Killed Gastronok
 40028 | Orc:4    | Found Izxei's Food Shop.
 40331 | Orc:4    | Found Kiputios' Antique Armour Boutique.
 40332 | Orc:4    | Found Brony's Jewellery Shoppe.
 40616 | Orc:4    | Found Braf's Distillery.
 40625 | Orc:4    | Bought a potion of heal wounds for 33 gold pieces
 40625 | Orc:4    | Bought a potion of speed for 60 gold pieces
 40625 | Orc:4    | Bought a potion of resistance for 77 gold pieces
 40849 | Elf:1    | Entered Level 1 of the Elven Halls
 41117 | Elf:1    | Reached skill level 19 in Armour
 41359 | Elf:1    | Noticed Erica
 41505 | Elf:1    | Killed Erica
 42500 | Elf:1    | Received a gift from Okawaru
 42501 | Elf:1    | Got a dazzling long sword {god gift}
 43260 | Lair:2   | Identified the +11,-3 long sword of Success {flame, Dex+3} (Okawaru gifted it to you on level 1 of the Elven Halls)
 43399 | Spider:1 | Entered Level 1 of the Spider Nest
 43784 | Spider:1 | Noticed Nikola
 43820 | Spider:1 | Killed Nikola
 44080 | Spider:1 | Reached skill level 15 in Fighting
 45132 | Spider:2 | Reached XP level 18. HP: 119/119 MP: 18/18
 45145 | Spider:2 | Received a gift from Okawaru
 45161 | Spider:2 | Got a warped ring mail
 46056 | Spider:2 | Noticed Arachne
 46082 | Spider:2 | Killed Arachne
 47166 | Spider:3 | Noticed Azrael
 47180 | Spider:3 | Killed Azrael
 47298 | Spider:3 | Received a gift from Okawaru
 47299 | Spider:3 | Got a wizard robe {god gift}
 47719 | Spider:4 | Noticed Rupert
 47742 | Spider:4 | Killed Rupert
 47899 | Spider:4 | Noticed Agnes
 47921 | Spider:4 | Killed Agnes
 48127 | Spider:5 | Entered Level 5 of the Spider Nest
 48211 | Spider:5 | Noticed Aizul
 48253 | Spider:5 | Killed Aizul
 48721 | Spider:5 | Noticed Jorgrun
 48739 | Spider:5 | Killed Jorgrun
 49208 | Spider:5 | Noticed Mara
 49217 | Spider:5 | Noticed RedPan's illusion
 49219 | Spider:5 | Noticed Mara
 49219 | Spider:5 | Noticed Mara
 49222 | Spider:5 | Killed Mara
 50224 | Spider:5 | Reached skill level 20 in Armour
 50589 | Spider:5 | Received a gift from Okawaru
 50592 | Spider:5 | Got a warped ring mail {god gift}
 50935 | Spider:5 | Reached XP level 19. HP: 121/125 MP: 0/18
 51127 | Spider:5 | Got a gossamer rune of Zot
 51422 | Lair:2   | Identified the +0 ring mail "Ytootz" {+Blink +Rage Int+1 SInv} (Okawaru gifted it to you on level 5 of the Spider Nest)
 51526 | Shoals:1 | Entered Level 1 of the Shoals
 51938 | Shoals:1 | Noticed Urug
 51945 | Shoals:1 | Killed Urug
 52194 | Shoals:2 | Found Shrerphuyl's Antique Weapon Shoppe.
 52406 | Shoals:2 | Found Tuaf's Magical Wand Boutique.
 52639 | Shoals:2 | Found a flickering gateway to a bazaar.
 52654 | Bazaar   | Entered a bazaar
 52658 | Bazaar   | Found Crirph's Jewellery Shoppe.
 52666 | Bazaar   | Bought an uncursed amulet of clarity for 180 gold pieces
 52681 | Bazaar   | Found Uneghept's Jewellery Shop.
 52710 | Bazaar   | Found Xyrchayb's Jewellery Emporium.
 52719 | Bazaar   | Found Yxuydeb's Antique Weapon Boutique.
 52776 | Bazaar   | Bought an uncursed amulet of resist mutation for 400 gold pieces
 53332 | Shoals:2 | Found Akaschau's Food Shop.
 53343 | Shoals:2 | Bought a meat ration for 52 gold pieces
 53343 | Shoals:2 | Bought a meat ration for 52 gold pieces
 53343 | Shoals:2 | Bought a meat ration for 52 gold pieces
 53343 | Shoals:2 | Bought a bread ration for 52 gold pieces
 53722 | Shoals:3 | Found Coapp's General Store.
 53988 | Shoals:3 | Found Klaatra's Book Boutique.
 54028 | Shoals:3 | Found Gauchar's Gadget Emporium.
 54069 | Shoals:3 | Found Qiliz's Antique Armour Shop.
 54081 | Shoals:3 | Bought a runed cloak for 30 gold pieces
 54483 | Shoals:4 | Found Igerr's Antique Weapon Shoppe.
 54731 | Shoals:5 | Entered Level 5 of the Shoals
 55673 | Shoals:5 | Noticed Ilsuiw
 55710 | Shoals:4 | Killed Ilsuiw
 55875 | Shoals:5 | Received a gift from Okawaru
 56005 | Shoals:5 | Got a transparent scale mail
 56006 | Shoals:5 | Identified the +1 scale mail of Buaxt {Str+1 Dex-1} (You found it on level 5 of the Shoals)
 56411 | Shoals:5 | Got a barnacled rune of Zot
 56900 | Shoals:5 | Noticed Polyphemus
 57712 | Vaults:1 | Entered Level 1 of the Vaults
 58189 | Vaults:1 | Reached skill level 21 in Long Blades
 58890 | Vaults:1 | Noticed Wiglaf
 58910 | Vaults:1 | Killed Wiglaf
 58910 | Vaults:1 | Reached XP level 20. HP: 113/134 MP: 14/19
 61523 | Vaults:2 | Received a gift from Okawaru
 61524 | Vaults:2 | Got a blackened ring mail {god gift}
 61786 | Vaults:2 | Found a staircase to the Enchanted Forest.
 62019 | Vaults:2 | Identified a scroll of acquirement
 63323 | Vaults:3 | Found Skiff's Book Shoppe.
 63661 | Vaults:3 | Found a staircase to the Hall of Blades.
 63953 | Vaults:4 | Noticed Frances
 63966 | Vaults:4 | Killed Frances
 64423 | Vaults:4 | Reached skill level 22 in Long Blades
 64436 | Vaults:4 | Reached XP level 21. HP: 115/140 MP: 20/20
 64524 | Vaults:4 | Got a jewelled plate armour
 64525 | Vaults:4 | Identified the cursed -4 plate armour of the Unseen Realm {Stlth--} (You found it on level 4 of the Vaults)
 64525 | Vaults:4 | Identified the +1 ring mail of Protective Custody {Contam +Fly rPois rF+ SInv} (Okawaru gifted it to you on level 2 of the Vaults)
 65143 | Vaults:4 | Found Freuv's Antique Weapon Shop.
 65267 | Vaults:4 | Received a gift from Okawaru
 65403 | Vaults:4 | Got an ancient crossbow
 66778 | Depths:1 | Entered Level 1 of the Depths
 67310 | Depths:1 | Received a gift from Okawaru
 68127 | Depths:1 | Found a gateway to Hell.
 68186 | Depths:1 | Noticed Sojobo
 68245 | Depths:1 | Killed Sojobo
 69091 | Depths:1 | Received a gift from Okawaru
 69846 | Depths:2 | Found a gateway to a ziggurat.
 70220 | Depths:2 | Found a white marble altar of Elyvilon.
 70253 | Depths:2 | Found a white marble altar of Elyvilon.
 70255 | Depths:2 | Found a snail-covered altar of Cheibriados.
 70540 | Depths:2 | Reached XP level 22. HP: 90/148 MP: 20/20
 71111 | Depths:2 | Reached skill level 1 in Invocations
 71116 | Depths:2 | Received a gift from Okawaru
 71116 | Depths:2 | Reached skill level 23 in Long Blades
 72113 | Depths:2 | Noticed a golden dragon
 72136 | Depths:2 | Killed a golden dragon
 72136 | Depths:2 | Reached skill level 5 in Invocations
 73843 | Depths:2 | Received a gift from Okawaru
 73871 | Depths:2 | Noticed a golden dragon
 73886 | Depths:2 | Killed a golden dragon
 74106 | Depths:2 | Noticed a golden dragon
 74118 | Depths:2 | Killed a golden dragon
 76098 | Depths:3 | Reached XP level 23. HP: 146/153 MP: 33/33
 76120 | Depths:3 | Received a gift from Okawaru
 76121 | Depths:3 | Got a crude chain mail {god gift}
 76657 | Depths:3 | Reached skill level 10 in Invocations
 77246 | Depths:3 | Reached skill level 24 in Long Blades
 77480 | Depths:3 | Found a one-way gate leading to the halls of Pandemonium.
 77680 | Depths:3 | Paralysed by a giant eyeball for 2 turns
 77688 | Depths:3 | Paralysed by a giant eyeball for 4 turns
 78125 | Depths:4 | Noticed Frederick
 78478 | Depths:4 | Found a one-way gate to the infinite horrors of the Abyss.
 79069 | Depths:4 | Noticed Saint Roka
 79085 | Depths:4 | Killed Saint Roka
 79739 | Depths:4 | Received a gift from Okawaru
 79744 | Depths:4 | Noticed Xtahua
 79759 | Depths:4 | Killed Xtahua
 80085 | Depths:4 | HP: 3/153 [deep troll[a hell knight] (16)]
 80538 | Depths:4 | Found a burning altar of Makhleb.
 81105 | Depths:4 | Noticed Boris
 81121 | Depths:4 | Killed Frederick
 81121 | Depths:4 | Reached XP level 24. HP: 152/160 MP: 36/36
 81128 | Depths:4 | Received a gift from Okawaru
 81140 | Depths:4 | Killed Boris
 82202 | Depths:5 | Identified Sif Muna's Reference Book on Beguiling (You found it on level 5 of the Depths)
 82906 | Depths:5 | Identified Roxanne's Guide on Ashen Shape Shifting (You found it on level 5 of the Depths)
 83066 | Depths:5 | HP: 8/162 [deep troll (4)]
 83067 | Depths:5 | HP: 3/162 [tengu/long sword[a tengu warrior] (5)]
 83069 | Depths:5 | Shot with a silver bolt by a yaktaur

Action                   |  1- 3 |  4- 6 |  7- 9 | 10-12 | 13-15 | 16-18 | 19-21 | 22-24 || total
-------------------------+-------+-------+-------+-------+-------+-------+-------+-------++-------
Melee: Whip              |   100 |   308 |   562 |   401 |       |       |       |       ||  1371
       Falchion          |       |       |    42 |    23 |       |       |       |       ||    65
       Great sword       |       |       |       |   848 |  1792 |  3006 |   665 |       ||  6311
       Unarmed           |       |       |       |    10 |       |       |       |       ||    10
       Demon blade       |       |       |       |       |       |     4 |       |       ||     4
       Claymore          |       |       |       |       |       |     3 |  1524 |  1445 ||  2972
Invok: Heroism           |       |       |       |    12 |    13 |    11 |     7 |       ||    43
       Finesse           |       |       |       |     1 |    12 |     9 |     9 |     1 ||    32
 Abil: Fly               |       |       |       |       |     1 |       |     1 |       ||     2
       Stop Flying       |       |       |       |       |       |       |     1 |       ||     1
Evoke: Wand              |       |     1 |     2 |     8 |     7 |    10 |     6 |     4 ||    38
       sack of spiders   |       |       |       |       |       |     1 |       |       ||     1
  Use: Scroll            |     4 |     3 |    15 |     7 |    12 |    10 |    14 |     8 ||    73
       Potion            |       |     1 |     1 |     9 |    17 |     8 |    10 |     3 ||    49
 Stab: Confused          |       |       |       |     3 |       |       |       |     2 ||     5
       Fleeing           |       |       |       |       |     1 |       |       |       ||     1
       Petrified         |       |       |       |       |       |     1 |       |       ||     1
       Invisible         |       |       |       |       |       |     3 |       |       ||     3
